AoeStats
← Dani

Arena

509180206Analyzed
1v1 RM · 6d ago on Sep 25, 2026· 39m 15s· 2 players
Game mode
Random Map
Map size
Tiny (2 player)
Population
200
Speed
Normal
Resources
Standard
Victory
Conquest
Starting age
Dark Age
Ending age
Imperial Age
RankedLock teamsTeams togetherTeam positionsShared explorationLock speedFull tech treeHidden civsTurbo modeCheats
Victory
Defeat
🇩🇪 Turks · Germany
1425
+13
🇩🇪 Persians · Germany
1368
-13
Dani
10:13 Feudal Age
9:19 Loom
14:24 Castle Age
13:08 Double-Bit Axe
13:11 Horse Collar
15:23 Bow Saw
21:37 Wheelbarrow
21:39 Husbandry
23:33 Town Watch
24:21 Hand Cart
25:08 Bloodlines
25:19 Stone Mining
25:19 Gold Mining
25:56 Scale Barding Armor
26:01 Forging
27:05 Gold Shaft Mining
27:28 Forging
29:47 Loom
33:12 Kamandaran
33:43 Fletching
35:07 Bodkin Arrow
34:34 Crossbowman
36:35 Thumb Ring
38:58 Heavy Plow
39:51 Ballistics
fantafahrt
10:41 Feudal Age
12:07 Double-Bit Axe
14:52 Castle Age
14:49 Horse Collar
16:51 Bow Saw
21:28 Heavy Plow
21:19 Gold Mining
21:20 Town Watch
22:40 Stone Mining
23:29 Wheelbarrow
22:42 Loom
28:24 Imperial Age
28:07 Fletching
30:04 Scale Barding Armor
29:55 Bodkin Arrow
30:06 Heavy Camel Rider
31:15 Chain Barding Armor
32:30 Bracer
35:45 Forging
38:34 Plate Barding Armor
38:32 Bloodlines
39:36 Husbandry
Connection lost

Rejoining the realm…

Still unreachable

The connection could not be restored.

Session expired

The server has moved on; the page needs a fresh start.